 Dungeon Crawl Stone Soup version 0.23-a0-629-gae4348f (webtiles) character file.

49 galech the Skirmisher (level 3, -2/29 HPs)
             Began as a Demonspawn Fighter on Dec 26, 2018.
             Slain by a gnoll
             ... wielding a +0 flail
              (8 damage)
             ... on level 2 of the Dungeon.
             The game lasted 00:01:38 (1446 turns).

galech the Skirmisher (Demonspawn Fighter)          Turns: 1446, Time: 00:01:39

Health: -2/29      AC:  3    Str: 13    XL:     3   Next: 51%
Magic:  3/3        EV:  8    Int:  9    God:
Gold:   92         SH:  8    Dex: 13    Spells: 2/2 levels left

rFire    + . .     SeeInvis .   a - +0 war axe
rCold    . . .     Gourm    +   c - +0 shield
rNeg     . . .     Faith    .   i - +0 leather armour {rF+}
rPois    .         Spirit   .   (no helmet)
rElec    .         Reflect  .   (no cloak)
rCorr    .         Harm     .   (no gloves)
MR       .....                  (no boots)
Stlth    +.........             k - amulet of the gourmand
HPRegen  0.09/turn              g - -3 ring of strength (curse)
MPRegen  0.08/turn              (no ring)

@: no status effects
A: powered by death 1
a: no special abilities


You were on level 2 of the Dungeon.
You were not hungry.

You visited 1 branch of the dungeon, and saw 2 of its levels.

You collected 92 gold pieces.

Inventory:

Hand Weapons
 a - a +0 war axe (weapon)
Armour
 b - a +0 scale mail
 c - a +0 shield (worn)
 i - a +0 leather armour of fire resistance (worn)
Jewellery
 g - a cursed -3 ring of strength (left hand)
 k - an amulet of the gourmand (around neck)
Potions
 d - 2 potions of might
 e - a potion of brilliance {unknown}
 h - a potion of ambrosia {unknown}
 j - a potion of heal wounds {unknown}
Comestibles
 f - 5 rations


   Skills:
 + Level 3.1 Fighting
 + Level 3.0 Axes
 + Level 2.9 Armour
 + Level 0.3 Dodging
 + Level 2.8 Shields


You had 2 spell levels left.
You didn't know any spells.
Your spell library was empty.

Dungeon Overview and Level Annotations

Branches:
Dungeon (2/15)

Altars:
Gozag
Yredelemnul

Shops:
D:2 *


Innate Abilities, Weirdness & Mutations

You regenerate a little health from kills.


Message History

You are too injured to fight recklessly!
You are too injured to fight recklessly!
You are too injured to fight recklessly!
You are too injured to fight recklessly!
You are too injured to fight recklessly!
You are too injured to fight recklessly!
You are too injured to fight recklessly!
You are too injured to fight recklessly!
You are too injured to fight recklessly!
You closely miss the gnoll.
The gnoll is severely wounded.
The gnoll closely misses you.
You hit the gnoll.
The gnoll is almost dead.
The gnoll hits you with a +0 flail.
* * * LOW HITPOINT WARNING * * *
You closely miss the gnoll.
The gnoll is almost dead.
The gnoll hits you with a +0 flail!
You die...

....# #...# # ##.## #...#
#8## ..# ####.########8...8
##########..........##.....
#≈≈≈≈≈≈≈.....#.^#_.....
#≈.....≈≈≈≈....###..!..
#≈.⌠.⌠....≈....###8...8
#≈..∩..._.......# #8##
#≈.⌠.⌠....≈.@÷..# #
#≈.....≈≈≈≈.#g#.####
#≈≈≈≈≈≈≈....#......######
###.#.##...##.#.#.......#
###.###........#.#..####.#
#..## ##.<.....#......##.#
####.#.###........###....##.#
#.......#.....)...###..####.#
#.##.....#..................#


You could see a gnoll.

Vanquished Creatures
  A gnoll (D:1)
  An adder (D:2)
  A dart slug (D:1)
  A leopard gecko (D:2)
  2 giant cockroaches (D:1)
  5 hobgoblins
  6 kobolds
  A ball python (D:1)
  2 bats (D:1)
  4 goblins
  3 rats
27 creatures vanquished.

Notes
Turn   | Place    | Note
-------+----------+-------------------------------------------
     0 | D:1      | galech the Demonspawn Fighter began the quest for the Orb.
     0 | D:1      | Reached XP level 1. HP: 18/18 MP: 1/1
   382 | D:1      | Gained mutation: You regenerate a little health from kills.
                  | [demonic ancestry]
   382 | D:1      | Reached XP level 2. HP: 20/24 MP: 2/2
   920 | D:2      | Found an opulent altar of Gozag.
   921 | D:2      | Found Gozag's Platinum Reserve.
  1012 | D:2      | Reached XP level 3. HP: 28/29 MP: 3/3
  1346 | D:2      | Found a basalt altar of Yredelemnul.
  1446 | D:2      | Slain by a gnoll

Vault maps used:
D:1:      ebering_trefoil_3fold
D:2:      nicolae_overflow_hidden_temple, nicolae_gozag_zags_fifth_avenue

Skill      XL: |  1  2  3 |
---------------+----------+-----
Axes           | 2 3 |  3.0
Fighting       | |  3.1
Armour         | |  2.9
Dodging        | |  0.3
Shields        | |  2.8

Action                   || total
-------------------------++-------
Melee: War axe           ||    84
  Use: Scroll            ||     2
  Eat: Chunk             ||    11
Armor: Scale mail        ||    31
       Leather armour    ||     5
Dodge: Dodged            ||    28
Block: Shield            ||    51

Table legend:
 A = Non-vault XP
 B = Vault XP
 C = Vault XP percentage of total XP
 D = Non-vault monster count
 E = Vault monster count
 F = Vault count percentage of total count
                 A         B        C        D         E       F
            +---------+---------+-------+---------+---------+-------
      Total |      70 |       0 |   0.0 |      27 |       0 |   0.0
            +---------+---------+-------+---------+---------+-------
        D:1 |      43 |       0 |   0.0 |      18 |       0 |   0.0
        D:2 |      27 |       0 |   0.0 |       9 |       0 |   0.0
            +---------+---------+-------+---------+---------+-------
